Map: Abyssal Reef LE

Players

souL - Winner!

  • Race: Terran Terran
  • Spawn Location: 5:00

Matiz

  • Race: Zerg Zerg
  • Spawn Location: 11:00

Event: IEM XI Katowice - World Championship 2017

VOD

Have the link to the VOD?

Description

Time

  • Played on: Feb. 27, 2017, 9:02 a.m.
  • Length: 15:37

All games in this series

Show
View Real Time Build Order
Export as new Build Order

souL Terran - Winner!

Build Orders: Reaper Expand, Hellion Banshee, MMM Bio 

Get SALT Encoding   

  12  0:00  SCV  
  13  0:13  SCV  
  14  0:17  Supply Depot  
  14  0:25  SCV  
  15  0:29  Refinery  
  15  0:38  SCV  
  16  0:44  Barracks  
  16  0:50  SCV  
  17  1:02  SCV  
  18  1:14  SCV  
  19  1:31  Reaper  
  19  1:32  Orbital Command  
  20  1:45  Command Center  
  20  1:55  Factory  
  20  2:00  SCV  
  21  2:05  Refinery  
  21  2:08  Barracks Reactor  
  21  2:12  SCV  
  22  2:19  Supply Depot  
  22  2:24  SCV  
  23  2:41  SCV, Starport  
  24  2:50  Hellion  
  26  2:53  Hellion, SCV  
  29  3:01  Orbital Command  
  29  3:05  Barracks Tech Lab  
  29  3:07  SCV  
  30  3:14  Hellion  
  30  3:18  Hellion  
  34  3:21  SCV  
  35  3:27  SCV  
  35  3:28  Cloaking Field  
  36  3:35  Banshee  
  36  3:38  SCV  
  41  3:43  Supply Depot  
  41  3:44  SCV  
  42  3:50  SCV, Hellion  
  42  3:53  Hellion  
  46  4:01  SCV  
  45  4:05  Marine  
  45  4:07  SCV  
  44  4:13  SCV  
  44  4:15  Hellion x2  
  45  4:19  Supply Depot, SCV  
  45  4:22  Banshee  
  45  4:23  Marine  
  50  4:25  SCV  
  51  4:31  SCV  
  51  4:36  Hellion  
  51  4:37  Armory  
  54  4:40  SCV, Hellion  
  54  4:43  SCV  
  54  4:44  Supply Depot  
  58  4:48  Barracks Tech Lab  
  58  4:52  SCV  
  59  4:56  SCV  
  59  4:58  Hellion  
  62  5:05  Raven, SCV, Hellion  
  62  5:06  Marine  
  68  5:07  Stimpack  
  68  5:08  Supply Depot, SCV  
  69  5:17  SCV  
  70  5:23  Command Center  
  70  5:29  SCV  
  70  5:32  Supply Depot  
  70  5:33  Barracks  
  70  5:34  Barracks  
  71  5:35  Factory Reactor  
  71  5:38  SCV  
  71  5:42  SCV  
  73  5:46  Engineering Bay  
  73  5:47  Engineering Bay  
  73  5:48  Marine  
  74  5:50  SCV  
  74  5:54  SCV  
  74  5:56  Refinery  
  74  5:57  Refinery  
  74  6:00  Starport Reactor  
  74  6:02  SCV  
  69  6:06  Marine  
  69  6:08  SCV  
  63  6:14  SCV  
  63  6:15  Terran Infantry Armor Level 1  
  63  6:17  Barracks  
  63  6:18  Barracks  
  64  6:20  SCV  
  64  6:21  Factory Reactor  
  64  6:24  Marine  
  64  6:25  Bunker  
  63  6:26  Marine x2  
  63  6:30  Bunker  
  63  6:31  Marine  
  63  6:32  Marine  
  67  6:35  SCV  
  67  6:39  Orbital Command  
  68  6:41  Marine, Medivac  
  68  6:42  Medivac  
  68  6:44  Marine x2  
  75  6:49  Marine  
  75  6:50  Marine  
  75  6:51  SCV  
  78  6:54  SCV  
  78  6:59  Marine  
  80  7:01  Marine  
  80  7:02  Marine  
  80  7:04  SCV  
  80  7:06  Marine  
  80  7:07  Combat Shields  
  80  7:08  Marine  
  88  7:10  Widow Mine, Barracks Reactor x2, Orbital Command  
  88  7:11  Widow Mine  
  88  7:13  Medivac  
  88  7:14  Medivac  
  93  7:17  Marine  
  93  7:19  Marine  
  93  7:20  Marine, SCV  
  93  7:22  SCV  
  98  7:29  Marine  
  98  7:30  Marine  
  98  7:32  SCV  
  98  7:37  Bunker  
  101  7:41  SCV  
  101  7:46  Supply Depot  
  101  7:47  Supply Depot x2, Marine x6  
  101  7:48  SCV x2  
  101  7:50  Liberator x2  
  109  7:55  Marine  
  109  8:06  Marine  
  109  8:07  Marine x4, SCV  
  109  8:08  Marine, Widow Mine, SCV  
  117  8:12  Marine  
  117  8:13  Marine x2  
  111  8:24  Marine  
  111  8:25  Marine x4  
  111  8:26  Marine  
  117  8:29  Factory  
  117  8:30  Marine, Barracks  
  117  8:32  Barracks  
  117  8:33  Refinery  
  117  8:34  Refinery  
  118  8:35  Terran Infantry Armor Level 2  
  118  8:36  Terran Infantry Weapons Level 1  
  118  8:37  Marine  
  119  8:42  Marine x2  
  119  8:43  Marine x4  
  119  8:45  Marine  
  119  8:48  Marine  
  126  8:50  Medivac x2  
  129  8:55  Marine  
  129  9:02  Marine, Marauder  
  133  9:09  Supply Depot  
  133  9:10  Supply Depot  
  133  9:11  Concussive Shells, Supply Depot  
  133  9:13  Command Center  
  133  9:21  Factory Tech Lab, Barracks Tech Lab x2  
  133  9:24  Barracks  
  133  9:26  Marine, Medivac  
  133  9:27  Marine  
  133  9:28  Marine  
  133  9:29  Marine, Widow Mine, Medivac  
  133  9:30  Marine x2, Widow Mine  
  137  9:34  Marine x2, Marauder  
  133  9:40  Marauder  
  133  9:44  Marine  
  133  9:45  Marine x2  
  134  9:52  Marine, Thor  
  143  9:53  Marauder  
  143  9:56  Medivac  
  143  9:57  Widow Mine  
  143  9:58  Widow Mine  
  143  9:59  Supply Depot, Medivac  
  148  10:00  Supply Depot x2  
  148  10:05  Missile Turret  
  145  10:09  Marine  
  146  10:17  Terran Vehicle Weapons Level 1  
  146  10:19  Marine, Marauder  
  149  10:26  Widow Mine, Medivac  
  149  10:27  Widow Mine  
  149  10:28  Marine  
  155  10:29  Marauder  
  155  10:34  Thor  
  162  10:36  Terran Infantry Weapons Level 2  
  162  10:45  Marine  
  162  10:46  Marine, Marauder  
  162  10:47  Marine  
  162  10:48  Marauder  
  169  10:53  Medivac  
  169  10:54  Widow Mine  
  169  10:55  Marine, Marauder  
  167  10:59  Marine x4  
  167  11:01  Barracks Tech Lab  
  167  11:03  Marine  
  165  11:04  Marine  
  165  11:07  Marauder  
  165  11:09  Marauder  
  165  11:13  Marine  
  165  11:16  Marine  
  165  11:17  Marauder  
  165  11:18  Medivac  
  165  11:20  Planetary Fortress  
  165  11:24  Medivac  
  165  11:26  Marauder  
  165  11:29  Marauder  
  165  11:31  Marine, Marauder  
  171  11:36  Missile Turret  
  171  11:39  Marine  
  172  11:40  Marauder  
  172  11:43  Marine  
  172  11:44  Marine x2  
  172  11:45  Marine  
  176  11:48  Medivac  
  176  11:49  Marine  
  176  11:50  Marine, Thor  
  176  11:51  Marine  
  173  12:00  Marine x3, Marauder  
  173  12:01  Marine  
  172  12:02  Marine x2  
  172  12:05  Marine  
  172  12:06  Missile Turret  
  168  12:13  Medivac  
  165  12:19  Marine, Marauder  
  165  12:21  Marine  
  166  12:29  Missile Turret  
  155  12:31  Missile Turret  
  155  12:34  Thor  
  156  12:39  Marauder  
  156  12:43  Marine  
  146  12:47  Barracks  
  113  13:00  Marine  
  113  13:01  Marine  
  100  13:08  Viking  
  98  13:18  Marine  
  98  13:19  Marine  
  85  13:20  Missile Turret  
  81  13:33  Marine  
  79  13:36  Marine  
  79  13:37  Viking  
  79  13:38  Viking  
  83  13:47  Barracks  
  83  13:48  Barracks  
  83  13:49  Barracks  
  83  13:50  Orbital Command  
  83  13:51  Marine  
  83  13:54  Marine, Missile Turret, Barracks  
  79  13:58  Missile Turret  
  79  14:07  Viking  
  79  14:09  Marine  
  81  14:12  Marine  
  81  14:13  Viking  
  83  14:18  Supply Depot  
  83  14:27  Marine  
  83  14:30  Marine  
  77  14:36  Factory  
  77  14:37  Viking  
  78  14:43  Marine x3  
  78  14:44  Marine  
  82  14:45  Viking  
  78  15:01  Marine x3  
  81  15:18  Marine  
  81  15:19  Marine x2  
Show
View Real Time Build Order
Export as new Build Order

Matiz Zerg 

Build Orders: Hatch First, Muta Ling Bane 

Get SALT Encoding   

  12  0:00  Drone  
  13  0:13  Overlord  
  13  0:17  Drone  
  14  0:22  Extractor  
  14  0:24  Drone  
  15  0:34  Drone  
  16  0:38  Drone  
  17  0:55  Hatchery  
  17  0:56  Drone  
  17  0:59  Drone  
  18  1:15  Spawning Pool  
  18  1:16  Drone  
  18  1:22  Drone  
  19  1:32  Extractor, Drone  
  19  1:44  Hatchery  
  19  1:46  Drone  
  19  1:51  Drone  
  20  2:02  Queen  
  20  2:08  Queen  
  24  2:11  Zergling x2  
  24  2:14  Zergling x2  
  26  2:23  Overlord  
  26  2:35  Drone x2  
  27  2:38  Metabolic Boost  
  27  2:40  Drone  
  28  2:47  Queen  
  30  2:54  Drone x2  
  30  2:55  Drone  
  33  3:02  Queen  
  35  3:07  Overlord  
  35  3:13  Drone x2  
  35  3:14  Drone  
  38  3:20  Drone x3  
  38  3:24  Overlord  
  41  3:29  Drone  
  41  3:30  Drone  
  43  3:34  Zergling x4  
  43  3:37  Overlord  
  45  3:44  Drone x4  
  49  3:49  Queen  
  49  3:55  Zergling x6  
  52  4:05  Zergling x4  
  52  4:06  Zergling x2  
  52  4:09  Drone x2  
  55  4:12  Drone x4  
  55  4:16  Spore Crawler  
  57  4:17  Spore Crawler  
  57  4:22  Queen  
  58  4:25  Drone x3  
  58  4:29  Drone x2  
  63  4:35  Overlord  
  63  4:37  Drone x3  
  66  4:38  Overlord  
  66  4:41  Extractor  
  66  4:45  Drone  
  66  4:48  Extractor  
  64  4:56  Spore Crawler, Drone x4  
  64  4:59  Drone x2  
  69  5:00  Drone x2  
  69  5:04  Lair  
  69  5:06  Zergling x4  
  71  5:15  Drone x2  
  71  5:17  Drone x3  
  71  5:20  Drone x2  
  75  5:27  Drone  
  76  5:28  Baneling Nest  
  76  5:29  Evolution Chamber x2  
  76  5:30  Drone  
  76  5:34  Drone  
  75  5:35  Overlord  
  75  5:43  Zergling x6  
  75  5:47  Zergling x6  
  75  5:48  Zergling x2  
  81  5:52  Zergling x2  
  78  5:57  Zergling x8  
  69  6:06  Drone x3  
  68  6:11  Drone x2  
  68  6:12  Drone x2  
  68  6:13  Drone x2  
  68  6:14  Drone x3  
  68  6:17  Drone x2  
  78  6:18  Zerg Melee Weapons Level 1, Zerg Ground Armor Level 1  
  74  6:29  Centrifical Hooks  
  74  6:31  Extractor  
  73  6:34  Drone x4  
  73  6:37  Drone x2  
  73  6:38  Drone x2  
  80  6:41  Extractor x2  
  78  6:48  Drone x3  
  78  6:49  Drone  
  78  6:53  Hatchery  
  81  6:54  Overseer  
  81  6:59  Drone  
  81  7:00  Spire  
  81  7:01  Drone x2  
  81  7:07  Drone x4  
  85  7:08  Drone  
  85  7:13  Overlord  
  86  7:16  Drone  
  86  7:18  Overlord  
  86  7:21  Zergling x4, Baneling x6  
  88  7:31  Zergling x6  
  88  7:32  Zergling x2  
  88  7:34  Overlord x2  
  92  7:37  Zergling x6  
  92  7:38  Zergling x2  
  96  7:46  Zergling x6  
  96  7:47  Zergling x6  
  102  7:52  Hatchery  
  101  8:01  Zergling x14  
  104  8:12  Mutalisk x3  
  99  8:13  Mutalisk x5  
  99  8:17  Zerg Melee Weapons Level 2  
  115  8:25  Overlord  
  115  8:26  Mutalisk x2  
  119  8:29  Drone  
  119  8:33  Mutalisk  
  118  8:41  Zerg Ground Armor Level 2  
  118  8:46  Pneumatized Carapace  
  118  8:47  Overseer  
  118  8:50  Zergling x2  
  118  8:51  Zergling x16  
  118  8:55  Overlord x2  
  127  8:59  Zerg Flyer Weapons Level 1  
  127  9:05  Overlord x3  
  127  9:13  Queen  
  127  9:16  Zergling x16  
  133  9:31  Zergling x24  
  126  9:32  Zergling x2  
  126  9:35  Drone x2  
  132  9:50  Drone  
  132  9:51  Drone x5  
  132  9:55  Zergling x10  
  132  9:56  Baneling  
  132  9:57  Baneling  
  137  10:03  Baneling x5  
  135  10:12  Baneling  
  132  10:17  Zergling x12  
  132  10:19  Baneling x3  
  137  10:30  Mutalisk x2  
  137  10:31  Mutalisk x2  
  142  10:44  Mutalisk  
  142  10:45  Mutalisk x4  
  145  11:00  Zergling x14  
  150  11:09  Mutalisk x3, Baneling x4  
  138  11:20  Zergling x16  
  143  11:25  Baneling  
  143  11:26  Baneling x5  
  143  11:28  Zergling x6  
  144  11:41  Zergling x10  
  144  11:45  Overseer  
  139  11:57  Zergling x2  
  139  11:58  Zergling x10  
  130  12:03  Zergling x2  
  130  12:05  Baneling x3  
  130  12:06  Baneling  
  127  12:10  Zergling x6  
  127  12:13  Overlord  
  130  12:19  Zergling x2  
  130  12:21  Baneling x4  
  130  12:22  Baneling x4  
  115  12:30  Overlord x2  
  98  12:42  Zergling x4  
  81  13:01  Zergling x2  
  81  13:02  Zergling x2  
  71  13:16  Zergling x4  
  47  13:28  Zergling x2  
  46  13:47  Mutalisk x2  
  50  13:53  Hatchery  
  45  14:12  Mutalisk x2  
  39  14:37  Zergling x2  

Tags
 
Add a new tag
Caveats
  • Supply blocks, unpowered buildings, or Contaminate may cause inaccurate times.
  • Supply counts are checked every 10 seconds.